 Dungeon Sprint DCSS version 0.29.1-2-gbd0b4ee654 (webtiles) character file.

Game seed: 17365460115227539513

448 ChickenMitten the Nimble (level 6, -6/51 HPs)
             Began as a Felid Berserker on Nov 14, 2022.
             Was a High Priest of Trog.
             Mangled by a stone giant (29 damage)
             ... in the Dungeon (Sprint IX: "|||||||||||||||||||||||||||||").
             The game lasted 00:01:51 (846 turns).

ChickenMitten the Nimble (Felid Berserker)           Turns: 846, Time: 00:01:51

Health: -6/51      AC:  6    Str: 15    XL:     6   Next: 73%
Magic:  7/7        EV: 24    Int:  9    God:    Trog [*****.]
Gold:   8          SH:  0    Dex: 15    Spells: 5/5 levels left
                                        Lives:  0   Deaths: 1

rFire   . . .      SeeInvis +     - Unarmed
rCold   . . .      Faith    .   (shield unavailable)
rNeg    . . .      Spirit   .   (body armour unavailable)
rPois   .          Reflect  .   (helmet unavailable)
rElec   .          Harm     .   (cloak unavailable)
rCorr   .          Rampage  .   (gloves unavailable)
Will    .....      NoTele   +   (boots unavailable)
Stlth   ..........              (no amulet)
HPRegen 0.17/turn               i - +2 ring of protection
MPRegen 0.10/turn               j - +2 ring of protection

@: berserking (expiring), very quick
A: very small, claws 1, fangs 3, see invisible, speed 1, shaggy fur 2, stealthy
paws, no weapons or thrown items, no armour, multi-lived
a: Renounce Religion, Berserk, Trog's Hand, Brothers in Arms


You were in the Dungeon.
You worshipped Trog.
Trog was extremely pleased with you.
You visited 1 branch You collected 8 gold pieces.

Inventory:

Jewellery
 i - a +2 ring of protection (left paw)
 j - a +2 ring of protection (right paw)
Wands
 h - a wand of light (10)
Scrolls
 f - 2 scrolls of blinking
Potions
 a - 5 potions of curing
 b - 3 potions of heal wounds
 c - a potion of haste
 d - 4 potions of magic
 e - a potion of berserk rage
 g - a potion of invisibility


   Skills:
 * Level 8.7 Fighting
 * Level 12.0 Dodging
 * Level 11.3 Unarmed Combat


You had 5 spell levels left.
You didn't know any spells.
Your spell library was empty.

Dungeon Overview and Level Annotations

Branches:
Dungeon (1/1)

Altars:
Cheibriados
Dithmenos
Elyvilon
Fedhas
Gozag
Hepliaklqana
Kikubaaqudgha
Makhleb
Nemelex Xobeh
Okawaru
Qazlal
Ru
Sif Muna
Trog
Uskayaw
Vehumet
Wu Jian
Xom
Yredelemnul
Zin
The Shining One
Jiyva
Lugonu


Innate Abilities, Weirdness & Mutations

You have sharp claws.
You have razor-sharp teeth.
You have supernaturally acute eyesight. (SInv)
You cover ground quickly. (Speed+)
You are covered in thick fur. (AC +2)
Your paws help you pounce on unaware monsters.
You are incapable of wielding weapons or throwing items.
You cannot wear armour.
You gain extra lives every three experience levels.


Message History

The orc warrior hits you with a +0 scimitar!
An orc comes into view. It is wielding a +0 short sword.
You scratch the orc warrior but do no damage.
You claw the orc warrior.
The orc warrior is lightly wounded.
You claw the orc warrior!
The orc warrior is heavily wounded.
The orc warrior barely misses you.
The orc priest calls upon Beogh to heal the orc warrior.
The orc warrior is healed somewhat.
You mangle the orc warrior!!
You kill the orc warrior!
Trog accepts your kill.
Your Unarmed Combat skill increases to level 11!
The orc priest misses you.
Items here: $ )) [ †.
You mangle the orc priest!!
You kill the orc priest!
Trog accepts your kill.
The orc wizard gestures wildly while chanting.
The orc wizard flickers and vanishes for a moment.
Your Dodging skill increases to level 12!
Things that are here:
a +0 flail; a +0 leather armour; 100 gold pieces You claw the stone giant! x2
The stone giant is moderately wounded.
The stone giant completely misses you.
You mangle the stone giant!! You bite the stone giant!
The stone giant is heavily wounded.
You scratch the stone giant but do no damage.
You claw the stone giant, but do no damage.
The stone giant is heavily wounded.
The stone giant hits you!!
You claw the stone giant!
The stone giant is severely wounded.
You claw the stone giant!
The stone giant is severely wounded.
The stone giant hits you!!
Ouch! That really hurt!
You die...

▓▓▓▓▓▓▓▓▓▓▓▓▓▓▓▓▓▓▓▓▓▓▓▓
..........))))))@Coooo..
▓▓▓▓▓▓▓▓▓▓▓▓▓▓▓▓▓▓▓▓▓▓▓▓▓▓▓▓▓▓▓▓▓
.................................
▓▓▓▓▓▓▓▓▓▓▓▓▓▓▓▓▓▓▓▓▓▓▓▓▓▓▓▓▓▓▓▓▓
▓▓▓▓▓▓▓▓▓▓▓▓▓▓▓▓▓▓▓▓▓▓▓▓▓▓▓▓▓▓▓▓▓
.'÷....††....'___________________


You could see a stone giant, 2 orc wizards and 2 orcs.

Vanquished Creatures
  A wraith (D)
  An orc warrior (D)
  2 centaurs (D)
  2 killer bees (D)
  A hound (D)
  2 orc priests (D)
  An iguana (D)
  2 orc wizards (D)
  3 adders (D)
  4 orcs (D)
  2 endoplasms (D)
  A hobgoblin (D)
  A jackal (D)
  A quokka (D)
24 creatures vanquished.

Notes
Turn   | Place    | Note
-------+----------+-------------------------------------------
     0 | D        | ChickenMitten the Felid Berserker began the quest for the
                  | Orb.
     0 | D        | Reached XP level 1. HP: 10/10 MP: 2/2
    12 | D        | Reached ** piety under Trog
   310 | D        | Noticed an iguana
   310 | D        | Noticed a hound
   316 | D        | Reached skill level 5 in Dodging
   316 | D        | Reached XP level 2. HP: 15/15 MP: 3/3
   317 | D        | Reached *** piety under Trog
   318 | D        | Reached skill level 6 in Dodging
   318 | D        | Reached skill level 5 in Unarmed Combat
   318 | D        | Reached XP level 3. HP: 19/19 MP: 4/4
   321 | D        | Reached skill level 5 in Fighting
   321 | D        | Reached skill level 7 in Dodging
   321 | D        | Reached XP level 4. HP: 23/23 MP: 5/5
   355 | D        | Found a snail-covered altar of Cheibriados.
   355 | D        | Found a shadowy altar of Dithmenos.
   355 | D        | Found a white marble altar of Elyvilon.
   355 | D        | Found a blossoming altar of Fedhas.
   355 | D        | Found an opulent altar of Gozag.
   356 | D        | Found a hazy altar of Hepliaklqana.
   357 | D        | Found a viscous altar of Jiyva.
   358 | D        | Found an ancient bone altar of Kikubaaqudgha.
   359 | D        | Found a corrupted altar of Lugonu.
   360 | D        | Found a burning altar of Makhleb.
   361 | D        | Found a sparkling altar of Nemelex Xobeh.
   362 | D        | Found an iron altar of Okawaru.
   363 | D        | Found a stormy altar of Qazlal.
   364 | D        | Found a sacrificial altar of Ru.
   365 | D        | Found a shimmering blue altar of Sif Muna.
   366 | D        | Found a bloodstained altar of Trog.
   367 | D        | Found a hide-covered altar of Uskayaw.
   368 | D        | Found a radiant altar of Vehumet.
   369 | D        | Found an ornate altar of the Wu Jian Council.
   370 | D        | Found a shimmering altar of Xom.
   371 | D        | Found a basalt altar of Yredelemnul.
   372 | D        | Found a glowing silver altar of Zin.
   373 | D        | Found a glowing golden altar of the Shining One.
   445 | D        | Noticed a wraith
   445 | D        | Noticed a centaur
   445 | D        | Noticed a centaur
   453 | D        | Killed a wraith
   453 | D        | Reached **** piety under Trog
   454 | D        | Reached skill level 9 in Dodging
   454 | D        | Reached XP level 5. HP: 28/28 MP: 6/6
   457 | D        | Killed a centaur
   458 | D        | Reached skill level 10 in Dodging
   458 | D        | Gained mutation: You are covered in thick fur. (AC +2)
                  | [Felid growth]
   458 | D        | Reached XP level 6. HP: 33/33 MP: 7/7
   474 | D        | Reached skill level 11 in Dodging
   474 | D        | Reached skill level 10 in Unarmed Combat
   475 | D        | Reached ***** piety under Trog
   704 | D        | Noticed a skeletal warrior
   704 | D        | Noticed a boulder beetle
   704 | D        | Noticed a slime creature
   704 | D        | Noticed a tengu warrior
   704 | D        | Noticed a green ugly thing
   712 | D        | Mangled by a skeletal warrior
   713 | D        | Reached XP level 5. HP: -7/45 MP: 6/6
   824 | D        | Reached XP level 6. HP: 34/34 MP: 7/7
   824 | D        | Noticed an orc warrior
   830 | D        | Noticed a stone giant
   838 | D        | Killed an orc warrior
   841 | D        | Reached skill level 12 in Dodging
   846 | D        | Mangled by a stone giant

Illustrated notes

Levels and vault maps discovered:
D:        linesprint [early_d, line_temple, items_1, d_10, items_2, lair_1,
          lair_end, items_3, orc_1, orc_end, items_4, d_15, swamp_1, shoals_1,
          snake_1, spider_1, d_20, vaults_1, items_5, swamp_end, shoals_end,
          snake_end, spider_end, vaults_end, d_27, items_6, zot_1, zot_end,
          crypt_end, forest_end, elf_end, slime_end, tomb_end, abyss_end,
          pan_hell_end]

Skill      XL: |  1  2  3  4  5  6 |
---------------+-------------------+-----
Fighting       | 4 5 7 8 |  8.7
Dodging        | 5 6 7 9 10 12 | 12.0
Unarmed Combat | 4 5 8 9 11 | 11.3

Action                   |  1- 3 |  4- 6 || total
-------------------------+-------+-------++-------
Melee: Unarmed           |    19 |    57 ||    76
       Bite              |     4 |     6 ||    10
       Punch             |     2 |     4 ||     6
Invok: Berserk           |     2 |     3 ||     5
Armor: Skin              |       |     6 ||     6
Dodge: Dodged            |    11 |    46 ||    57
